 Dungeon Crawl Stone Soup version 0.27.0-1-g7a08968 (webtiles) character file.

Game seed: 712999715599737818

219 Orban the Chopper (level 5, -11/42 HPs)
             Began as a Demonspawn Berserker on Aug 31, 2022.
             Was a Believer of Trog.
             Killed from afar by Dowan (12 damage)
             ... with a puff of frost
             ... on level 4 of the Dungeon.
             The game lasted 00:06:20 (3564 turns).

Orban the Chopper (Demonspawn Berserker)            Turns: 3564, Time: 00:06:21

Health: -11/42     AC:  9    Str: 18    XL:     5   Next: 63%
Magic:  5/5        EV: 12    Int:  8    God:    Trog [**....]
Gold:   103        SH:  0    Dex: 19    Spells: 4/4 levels left

rFire    . . .     SeeInvis +   a - +0 hand axe
rCold    . . .     Faith    .   (no shield)
rNeg     . . .     Spirit   .   i - +1 ring mail
rPois    .         Reflect  .   (no helmet)
rElec    .         Harm     .   (no cloak)
rCorr    .         Rampage  .   (no gloves)
Will     .....                  o - +0 pair of boots of Experimentation {SInv}
Stlth    +.........             (no amulet)
HPRegen  0.14/turn              m - +6 ring of dexterity
MPRegen  0.09/turn              (no ring)

@: on berserk cooldown, slowed, very slow
A: claws 1, thin metallic scales 1
a: Renounce Religion, Berserk, Trog's Hand


You were on level 4 of the Dungeon.
You worshipped Trog.
Trog was pleased with you.
You visited 1 branch of the dungeon, and saw 4 of its levels.

You collected 103 gold pieces.

Inventory:

Hand Weapons
 a - a +0 hand axe (weapon)
Armour
 b - a +0 animal skin
 g - a +0 leather armour
 i - a +1 ring mail (worn)
 o - the +0 pair of boots of Experimentation (worn) {SInv}
   (You found it on level 4 of the Dungeon)

   SInv:      It lets you see invisible.
Jewellery
 m - a +6 ring of dexterity (left claw)
Scrolls
 c - 2 scrolls of teleportation
 e - 3 scrolls of fear
 j - a scroll of fog {unknown}
 k - a scroll of silence
 l - a scroll of summoning {unknown}
 p - a scroll of enchant armour
 q - a scroll of identify
 r - a scroll of blinking {unknown}
Potions
 d - a potion of mutation {unknown}
 f - a potion of haste
 h - 2 potions of invisibility {unknown}
 n - a potion of curing


   Skills:
 + Level 3.9 Fighting
 + Level 4.4 Axes
 + Level 2.4 Armour
 + Level 2.5 Dodging
 + Level 1.1 Stealth


You had 4 spell levels left.
You didn't know any spells.
Your spell library was empty.

Dungeon Overview and Level Annotations

Branches:
Dungeon (4/15)
 Temple: D:4-7

Altars:

Shops:
D:2 (

Annotations:
D:4 Dowan, Duvessa


Innate Abilities, Weirdness & Mutations

You have sharp fingernails.
You are partially covered in thin metallic scales. (AC +2)


Message History

Dowan casts a spell.
Dowan blinks!
The phantom hits you but does no damage.
You barely miss the phantom.
The phantom is heavily damaged.
The phantom barely misses you.
Dowan gestures wildly while chanting.
Dowan blinks!
The phantom completely misses you.
You hit the phantom.
The phantom is severely damaged.
Dowan cries in horror.
Dowan casts a spell.
Dowan blinks!
The phantom hits you but does no damage.
Your ring mail prevents you from hitting the phantom.
The phantom is severely damaged.
Dowan mumbles some strange words.
Dowan blinks!
The phantom hits you.
Dowan gestures wildly while chanting.
Dowan blinks!
The phantom hits you.
The phantom blinks!
You blink.
You closely miss the phantom.
The phantom is severely damaged.
Dowan gestures wildly while chanting.
Dowan blinks!
The phantom closely misses you.
You hit the phantom but do no damage.
The phantom is severely damaged.
The phantom hits you.
* * * LOW HITPOINT WARNING * * *
The phantom hits you but does no damage.
The phantom barely misses you.
You hit Duvessa but do no damage. You hit the phantom. The phantom hits you!
* * * LOW HITPOINT WARNING * * *
The phantom blinks!
You blink.
Duvessa hits you with a +0 short sword.
* * * LOW HITPOINT WARNING * * *
The phantom closely misses you. Duvessa barely misses you.
The phantom hits you.
* * * LOW HITPOINT WARNING * * *
Dowan gestures at you while chanting. The puff of frost hits you!
You die...

###...####.##.....###....#
###.#....#.........####.....
##....##.....##....###.......
#.....###.........e.(#...#..#
#......#......#.......###..#
##.................#.###....
#......†.#........####.....
#........###............#..
##......§.@.............##.
##.....§eW........#§..##..
#......#.........##......
#......##...............#
#..(...#......(.....#....
###...(....#.............
#....#...###............
#..###.........#........ ###
#.......###......##


You could see Duvessa, a phantom and Dowan.

Vanquished Creatures
  A hound (D:4)
  Jessica (D:2)
  A hound skeleton (D:2)
  A howler monkey skeleton (D:4)
  6 adders
  2 worms
  3 dart slugs
  4 orcs (D:3)
  4 ball pythons (D:1)
  7 endoplasms
  4 giant cockroaches
  2 goblins (D:2)
  6 hobgoblins
  8 jackals
  7 quokkas
  6 bats
  4 frilled lizards
  2 kobolds
  A rat (D:1)
70 creatures vanquished.

Notes
Turn   | Place    | Note
-------+----------+-------------------------------------------
     0 | D:1      | Orban the Demonspawn Berserker began the quest for the Orb.
     0 | D:1      | Reached XP level 1. HP: 18/18 MP: 1/1
   300 | D:1      | Gained mutation: You are partially covered in thin metallic
                  | scales. (AC +2) [demonic ancestry]
   300 | D:1      | Reached XP level 2. HP: 9/24 MP: 2/2
   532 | D:1      | Reached skill level 3 in Axes
  1125 | D:1      | Gained mutation: You have sharp fingernails. [demonic
                  | ancestry]
  1125 | D:1      | Reached XP level 3. HP: 29/29 MP: 3/3
  1598 | D:2      | Found a faded altar of an unknown god.
  1671 | D:2      | Reached XP level 4. HP: 36/36 MP: 4/4
  1697 | D:2      | Noticed Jessica
  1706 | D:2      | Killed Jessica
  1735 | D:2      | Found Obrux's Weapon Boutique.
  1811 | D:2      | Reached skill level 4 in Axes
  1840 | D:2      | Reached ** piety under Trog
  1907 | D:2      | Reached skill level 1 in Stealth
  1909 | D:2      | Reached XP level 5. HP: 24/42 MP: 5/5
  3318 | D:4      | Identified the +0 pair of boots of Experimentation {SInv}
  3536 | D:4      | Noticed a phantom
  3537 | D:4      | Noticed Duvessa
  3537 | D:4      | Noticed Dowan
  3563 | D:4      | HP: 2/42 [Duvessa (3)]
  3564 | D:4      | Killed from afar by Dowan

Illustrated notes

Levels and vault maps discovered:
D:1:      ncdulo_wetmaze, layout_basic, hangedman_abyss_or_decor_lesser_grid,
          st_stairs_4
D:2:      layout_rooms, serial_shops, nicolae_shop_waterfront,
          hellmonk_ecumenical_altar_pennies_from_heaven, uniq_jessica
D:3:      layout_loops_ring
D:4:      layout_cave_pools, dk_rats_in_the_wall, uniq_duvessa

Skill      XL: |  1  2  3  4 |
---------------+-------------+-----
Axes           | 3 4 |  4.4
Armour         | 2 |  2.4
Dodging        | 2 |  2.5
Stealth        | 1 |  1.1
Fighting       | |  3.9

Action                   |  1- 3 |  4- 6 || total
-------------------------+-------+-------++-------
Melee: Hand axe          |   112 |   174 ||   286
Invok: Berserk           |     2 |     1 ||     3
  Use: Scroll            |       |     6 ||     6
       Potion            |       |     4 ||     4
 Stab: Sleeping          |     2 |     1 ||     3
Armor: Animal skin       |    20 |       ||    20
       Ring mail         |    31 |    66 ||    97
Dodge: Dodged            |    99 |    97 ||   196
